 Dungeon Crawl Stone Soup version 0.25-a0-701-gb30f108f01 (webtiles) character file.

Game seed: 3605159841414239233, levelgen mode: deterministic

495 Brecoman the Chiller (level 7, -3/50 HPs)
             Began as a Gnoll Ice Elementalist on Apr 3, 2020.
             Was an Initiate of Yredelemnul.
             Killed from afar by an orc wizard (5 damage)
             ... with a magic dart
             ... on level 4 of the Dungeon.
             The game lasted 00:13:18 (4114 turns).

Brecoman the Chiller (Gnoll Ice Elementalist)       Turns: 4114, Time: 00:13:19

Health: -3/50      AC:  3    Str: 12    XL:     7   Next: 15%
Magic:  10/15      EV: 14    Int: 18    God:    Yredelemnul [......]
Gold:   258        SH:  0    Dex: 15    Spells: 2/17 levels left

rFire    . . .     SeeInvis .   a - +5 whip
rCold    . . .     Gourm    .   (no shield)
rNeg     . . .     Faith    .   o - +0 leather armour
rPois    .         Spirit   .   (no helmet)
rElec    .         Reflect  .   (no cloak)
rCorr    +         Harm     .   (no gloves)
MR       .....                  (no boots)
Stlth    +++.......             (no amulet)
HPRegen  0.16/turn              d - ring of wizardry
MPRegen  0.14/turn              h - ring of resist corrosion

@: frozen ramparts, very slightly contaminated
A: distributed training, fangs 1, strong nose
a: Renounce Religion


You were on level 4 of the Dungeon.
You worshipped Yredelemnul.
Yredelemnul was noncommittal.
You were not hungry.

You visited 1 branch of the dungeon, and saw 4 of its levels.

You collected 258 gold pieces.

Inventory:

Hand Weapons
 a - a +5 whip (weapon)
Missiles
 l - a throwing net
 m - 18 poisoned darts (quivered)
Armour
 o - a +0 leather armour (worn)
Jewellery
 d - a ring of wizardry (left hand)
 h - a ring of resist corrosion (right hand)
Wands
 r - a wand of acid (8)
Scrolls
 b - a scroll of enchant weapon {unknown}
 f - a scroll of fear {unknown}
 i - a scroll of fog {unknown}
 j - a scroll of remove curse {unknown}
 k - a scroll of random uselessness {unknown}
 s - 2 scrolls of identify {unknown}
 u - 2 scrolls of teleportation {unknown}
 v - a scroll of magic mapping {unknown}
Potions
 e - a potion of brilliance {unknown}
 g - a potion of stabbing {unknown}
 n - a potion of curing {unknown}
 p - a potion of resistance
 t - a potion of lignification {unknown}
Comestibles
 c - 9 rations
 q - 8 chunks of flesh


   Skills:
 + Level 2.2 Fighting
 + Level 2.2 Short Blades
 + Level 2.2 Long Blades
 + Level 2.2 Axes
 + Level 2.2 Maces & Flails
 + Level 2.2 Polearms
 + Level 2.2 Staves
 + Level 2.2 Slings
 + Level 2.2 Bows
 + Level 2.2 Crossbows
 + Level 2.2 Throwing
 + Level 2.2 Armour
 + Level 5.1 Dodging
 + Level 4.8 Stealth
 + Level 2.2 Shields
 + Level 2.2 Unarmed Combat
 + Level 5.5 Spellcasting
 + Level 1.8 Conjurations
 + Level 1.8 Hexes
 + Level 1.8 Charms
 + Level 1.8 Summonings
 + Level 1.8 Necromancy
 + Level 1.8 Translocations
 + Level 1.8 Transmutations
 + Level 1.8 Fire Magic
 + Level 7.3 Ice Magic
 + Level 1.8 Air Magic
 + Level 1.8 Earth Magic
 + Level 1.8 Poison Magic
 + Level 2.5 Invocations
 + Level 2.2 Evocations


You had 2 spell levels left.
You knew the following spells:

 Your Spells              Type           Power        Failure   Level  Hunger
a - Freeze                Ice            ####         1%          1    None
b - Frozen Ramparts       Ice            ####..       1%          3    ##.....
c - Ozocubu's Armour      Chrm/Ice       ###.....     2%          3    ##.....
d - Hailstorm             Conj/Ice       ###.....     10%         4    ####...
e - Summon Ice Beast      Ice/Summ       ###.....     10%         4    ####...

Your spell library contained the following spells:

 Spells                   Type           Power        Failure   Level  Hunger


Dungeon Overview and Level Annotations

Branches:
Dungeon (4/15)
 Temple: D:4-7

Altars:
Dithmenos
Yredelemnul


Innate Abilities, Weirdness & Mutations

Your experience applies equally to all skills.
You have very sharp teeth.
Your uncanny sense of smell can sniff out nearby items.


Message History

The orc wizard hits you with a +0 dagger.
* * * LOW HITPOINT WARNING * * *
The orc misses you.
The orc hits you with a +1 vorpal war axe!
* * * LOW HITPOINT WARNING * * *
x2
Casting: Hailstorm (safe; 10% risk of failure)
Confirm with . or Enter, or press ? or * to list all spells.
The walls around you are covered in ice.
The wall freezes the orc.
The orc wizard gestures wildly while chanting.
The orc wizard flickers and vanishes!
Deactivating autopickup; reactivate with Ctrl-A.
The wall freezes the orc!
You kill the orc!
Yredelemnul accepts your kill. The orc completely misses you.
A magic dart appears from out of thin air!
The magic dart hits you.
You die...
Your body rises from the dead as a mindless zombie.

#.....>#..............#.......#
##.....#..............#.......#
.#.....#..............#.......#
.#.....#..............'.......#
.#.....'..............#.......#
.#.....#..............#.......#
.#<....#.......########.......#
##....÷#.......#..............#
#......#.....>.#@.............#
#(.....#.......#.o............#
#......#.......#.{...÷........#
#......#.......#)....÷........#
#####..#.......#..............#
###⌠#..#.......#..)...........#
#.#.8..#########.....)........#
..............................#
...[..........................#


You could see an orc.

Vanquished Creatures
  A scorpion (D:4)
  2 hounds (D:4)
  An orc priest (D:3)
  An iguana (D:4)
  A worker ant (D:4)
  A hound skeleton (D:2)
  9 gnolls
  10 adders
  An ooze (D:3)
  2 worms
  2 dart slugs
  A leopard gecko (D:1)
  8 orcs
  3 ball pythons
  3 bats
  3 giant cockroaches
  10 goblins
  10 hobgoblins
  16 jackals
  4 quokkas
  2 frilled lizards
  A jackal skeleton (D:4)
  11 kobolds
  7 rats
110 creatures vanquished.

Vanquished Creatures (collateral kills)
  3 orcs (D:4)
3 creatures vanquished.

Grand Total: 113 creatures vanquished

Notes
Turn   | Place    | Note
-------+----------+-------------------------------------------
     0 | D:1      | Brecoman the Gnoll Ice Elementalist began the quest for the
                  | Orb.
     0 | D:1      | Reached XP level 1. HP: 13/13 MP: 6/6
   248 | D:1      | Reached XP level 2. HP: 8/19 MP: 1/7
   578 | D:1      | Reached XP level 3. HP: 13/25 MP: 2/9
   694 | D:1      | Reached skill level 5 in Spellcasting
  1177 | D:2      | Reached skill level 1 in Invocations
  1197 | D:2      | Reached skill level 1 in Fighting
  1197 | D:2      | Reached skill level 1 in Short Blades
  1197 | D:2      | Reached skill level 1 in Long Blades
  1197 | D:2      | Reached skill level 1 in Axes
  1197 | D:2      | Reached skill level 1 in Maces & Flails
  1197 | D:2      | Reached skill level 1 in Polearms
  1197 | D:2      | Reached skill level 1 in Staves
  1197 | D:2      | Reached skill level 1 in Slings
  1197 | D:2      | Reached skill level 1 in Bows
  1197 | D:2      | Reached skill level 1 in Crossbows
  1197 | D:2      | Reached skill level 1 in Throwing
  1197 | D:2      | Reached skill level 1 in Armour
  1197 | D:2      | Reached skill level 1 in Shields
  1197 | D:2      | Reached skill level 1 in Unarmed Combat
  1197 | D:2      | Reached skill level 1 in Evocations
  1197 | D:2      | Reached XP level 4. HP: 19/32 MP: 1/11
  1410 | D:2      | Learned a level 3 spell: Frozen Ramparts
  1414 | D:2      | Learned a level 3 spell: Ozocubu's Armour
  1419 | D:2      | Learned a level 4 spell: Hailstorm
  1599 | D:2      | Reached skill level 1 in Conjurations
  1599 | D:2      | Reached skill level 1 in Hexes
  1599 | D:2      | Reached skill level 1 in Charms
  1599 | D:2      | Reached skill level 1 in Summonings
  1599 | D:2      | Reached skill level 1 in Necromancy
  1599 | D:2      | Reached skill level 1 in Translocations
  1599 | D:2      | Reached skill level 1 in Transmutations
  1599 | D:2      | Reached skill level 1 in Fire Magic
  1599 | D:2      | Reached skill level 1 in Air Magic
  1599 | D:2      | Reached skill level 1 in Earth Magic
  1599 | D:2      | Reached skill level 1 in Poison Magic
  1974 | D:2      | Reached XP level 5. HP: 37/37 MP: 8/12
  2424 | D:3      | Reached XP level 6. HP: 35/44 MP: 7/13
  2508 | D:3      | Learned a level 4 spell: Summon Ice Beast
  3504 | D:4      | Reached skill level 5 in Dodging
  3814 | D:4      | Found a shadowy altar of Dithmenos.
  3816 | D:4      | Found a basalt altar of Yredelemnul.
  3821 | D:4      | Became a worshipper of Yredelemnul the Dark
  3851 | D:4      | Reached XP level 7. HP: 50/50 MP: 11/15
  4111 | D:4      | HP: 2/50 [orc/+1 vorpal war axe (1)]
  4114 | D:4      | Killed from afar by an orc wizard

Levels and vault maps discovered:
D:1:      onia_arrival_mini_maze_b, layout_loops_ring
D:2:      layout_basic
D:3:      layout_basic, first_ration, minmay_misc_feat_x
D:4:      layout_gridville, makhleb_altar_promises_db, minitemple,
          kennysheep_decorative_pillar

Skill      XL: |  1  2  3  4  5  6 |
---------------+-------------------+-----
Spellcasting   | 5 |  5.5
Invocations    | 1 2 |  2.5
Fighting       | 1 2 |  2.2
Short Blades   | 1 2 |  2.2
Long Blades    | 1 2 |  2.2
Axes           | 1 2 |  2.2
Maces & Flails | 1 2 |  2.2
Polearms       | 1 2 |  2.2
Staves         | 1 2 |  2.2
Slings         | 1 2 |  2.2
Bows           | 1 2 |  2.2
Crossbows      | 1 2 |  2.2
Throwing       | 1 2 |  2.2
Armour         | 1 2 |  2.2
Shields        | 1 2 |  2.2
Unarmed Combat | 1 2 |  2.2
Evocations     | 1 2 |  2.2
Conjurations   | 1 |  1.8
Hexes          | 1 |  1.8
Charms         | 1 |  1.8
Summonings     | 1 |  1.8
Necromancy     | 1 |  1.8
Translocations | 1 |  1.8
Transmutations | 1 |  1.8
Fire Magic     | 1 |  1.8
Air Magic      | 1 |  1.8
Earth Magic    | 1 |  1.8
Poison Magic   | 1 |  1.8
Dodging        | 5 |  5.1
Stealth        | |  4.8
Ice Magic      | |  7.3

Action                   |  1- 3 |  4- 6 |  7- 9 || total
-------------------------+-------+-------+-------++-------
Melee: Short sword       |     3 |       |       ||     3
       Bite              |     1 |    14 |     2 ||    17
       Unarmed           |     1 |       |       ||     1
       Whip              |       |   140 |    23 ||   163
Throw: Dart              |       |     5 |       ||     5
 Cast: Freeze            |    49 |     9 |       ||    58
       Frozen Ramparts   |       |    22 |     1 ||    23
       Hailstorm         |       |     1 |       ||     1
       Summon Ice Beast  |       |       |     2 ||     2
 Stab: Sleeping          |       |    12 |     2 ||    14
  Eat: Chunk             |     1 |     6 |     1 ||     8
       Ration            |       |     1 |       ||     1
Armor: Robe              |     2 |     9 |       ||    11
       Leather armour    |       |     9 |     5 ||    14
Dodge: Dodged            |    23 |   123 |    27 ||   173

Table legend:
 A = Non-vault XP
 B = Vault XP
 C = Vault XP percentage of total XP
 D = Non-vault monster count
 E = Vault monster count
 F = Vault count percentage of total count
                 A         B        C        D         E       F
            +---------+---------+-------+---------+---------+-------
      Total |     708 |       0 |   0.0 |     113 |       0 |   0.0
            +---------+---------+-------+---------+---------+-------
        D:1 |      52 |       0 |   0.0 |      28 |       0 |   0.0
        D:2 |     218 |       0 |   0.0 |      38 |       0 |   0.0
        D:3 |     134 |       0 |   0.0 |      21 |       0 |   0.0
        D:4 |     304 |       0 |   0.0 |      26 |       0 |   0.0
            +---------+---------+-------+---------+---------+-------
